 Dungeon Crawl Stone Soup version 0.32-a0-928-g1cae6b7ea0 (webtiles) character file.

Game seed: 12467995234008155250

13682 Autsider the Fighter (level 12, -9/130 HPs)
             Began as an Oni Alchemist on Apr 12, 2024.
             Was an Elder of Cheibriados.
             Mangled by an ogre
             ... wielding a +0 giant club
             ... led by Lodul
              (15 damage)
             ... on level 11 of the Dungeon.
             The game lasted 00:45:33 (13711 turns).

Autsider the Fighter (Oni Alchemist)               Turns: 13711, Time: 00:45:33

Health: -9/130     AC:  7    Str: 24    XL:     12   Next: 8%
Magic:  7/23       EV: 11    Int: 35    God:    Cheibriados [****..]
Gold:   247        SH:  0    Dex: 24    Spells: 7/25 levels left

rFire   . . .        N - +2 orcbow (elec)
rCold   . . .        (shield currently unavailable)
rNeg    . . .        T - +1 troll leather armour
rPois   .            n - +2 hat
rElec   .            o - scarf {repulsion}
rCorr   .            (gloves unavailable)
SInv    .            (boots unavailable)
Will    +....        (no amulet)
Stlth   ++           m - +6 ring of intelligence
HPRegen 1.21/turn    I - +6 ring of dexterity
MPRegen 0.18/turn

%: repel missiles
@: very slow
A: large, unfitting armour, horns 1, tough skin 1, double potion healing,
drunken brawling
a: Renounce Religion, Bend Time, Temporal Distortion, Slouch


You were on level 11 of the Dungeon.
You worshipped Cheibriados.
Cheibriados was greatly pleased with you.
You visited 2 branches of the dungeon, and saw 13 of its levels.
You also visited: Bailey.

You collected 566 gold pieces.
You spent 319 gold pieces at shops.

Inventory:

Hand Weapons
 i - the +2 arbalest of Fortitude {flame, Will+ Int-5 SInv}
   (You bought it in a shop on level 11 of the Dungeon)

   Int-5:     It affects your intelligence (-5).
   Will+:     It increases your willpower.
   SInv:      It lets you see invisible.
 v - a +0 giant club of venom
 E - a +1 halberd of protection
 N - a +2 orcbow of electrocution (weapon)
 O - a +3 morningstar
 V - the +4 falchion "Kexuat" {holy, ^Drain +Blink Will+ Stlth+}
   (You found it on level 11 of the Dungeon)

   Will+:     It increases your willpower.
   +Blink:    It lets you blink.
   ^Drain:    It drains your maximum health when unequipped.
   Stlth+:    It makes you more stealthy.
Missiles
 w - 5 curare-tipped darts
 P - 15 large rocks
 R - a throwing net
Armour
 a - a +0 robe of willpower
 c - a +0 cloak
 n - a +2 hat (worn)
 o - a scarf of repulsion (worn)
 G - a +0 kite shield
 T - a +1 troll leather armour (worn)
Magical Staves
 t - a staff of fire
 F - a staff of conjuration
 Z - a staff of air
Jewellery
 m - a +6 ring of intelligence (left hand)
 I - a +6 ring of dexterity (right hand)
 U - a ring of positive energy
 X - a ring of see invisible
Wands
 p - a wand of mindburst (5)
 A - a wand of polymorph (7)
 B - a wand of paralysis (13)
 K - a wand of digging (3)
 L - a wand of flame (28)
 M - a wand of roots (10)
 W - a wand of light (11)
Scrolls
 f - a scroll of fear
 j - a scroll of fog
 k - a scroll of vulnerability
 s - 3 scrolls of teleportation {@r2}
 y - 3 scrolls of enchant armour
 z - 2 scrolls of amnesia
Potions
 b - a potion of magic
 d - 2 potions of brilliance {unknown}
 e - a potion of enlightenment {unknown}
 g - 2 potions of mutation {unknown}
 h - a potion of attraction {unknown}
 l - a potion of resistance {unknown}
 q - a potion of lignification {unknown}
 r - 3 potions of haste {unknown}
 u - 5 potions of curing {@q1}
 C - 5 potions of might {unknown}
 D - 2 potions of berserk rage {unknown}
 Q - 3 potions of invisibility {unknown}
 S - a potion of heal wounds {unknown}


   Skills:
 + Level 11.2 Fighting
 - Level 6.0 Armour
 + Level 4.0 Dodging
 - Level 2.0 Stealth
 + Level 7.4 Spellcasting
 - Level 6.0 Conjurations
 - Level 5.0 Fire Magic
 + Level 9.7 Alchemy
 + Level 4.5 Invocations


You had 7 spell levels left.
You knew the following spells:

 Your Spells              Type           Power      Damage    Failure   Level
a - Ignite Poison         Fire/Alch      59%        N/A       1%          4
b - Olgreb's Toxic Radia  Alch           69%        N/A       1%          4
c - Sticky Flame          Fire/Alch      59%        2d10      1%          4
d - Irradiate             Conj/Alch      30%        3d21      4%          5
e - Sting                 Conj/Alch      100%       1d9       1%          1

Your spell library contained the following spells:

 Spells                   Type           Power      Damage    Failure   Level
 Mercury Vapours          Alch/Air       94%        N/A       1%          2
 Momentum Strike          Conj/Tloc      68%        3d9       1%          2
 Mephitic Cloud           Conj/Alch/Air  49%        N/A       1%          3
 Summon Small Mammal      Summ           52%        N/A       3%          1
 Petrify                  Alch/Erth      47%        N/A       4%          4
 Blink                    Tloc           26%        N/A       5%          2
 Lesser Beckoning         Tloc           26%        N/A       5%          2
 Sublimation of Blood     Necr           13%        N/A       5%          2
 Call Canine Familiar     Summ           13%        N/A       11%         3
 Teleport Other           Tloc           13%        N/A       11%         3
 Summon Blazeheart Golem  Fire/Summ      30%        N/A       13%         4
 Passage of Golubria      Tloc           13%        N/A       34%         4
 Silence                  Hex/Air        6%         N/A       69%         5
 Dispersal                Tloc           6%         N/A       99%         6
 Gell's Gavotte           Tloc           6%         2d(14-20) 99%         6
 Ignition                 Fire           24%        3d8       100%        8
 Lehudib's Crystal Spear  Conj/Erth      17%        10d5      100%        8


Dungeon Overview and Level Annotations

Branches:
Dungeon (12/15)            Temple (1/1) D:7            Lair (0/5) D:11
    Orc (0/2) D:10         Bailey (visited)

Altars:
Ashenzari
Cheibriados
Dithmenos
Elyvilon
Fedhas
Gozag
Hepliaklqana
Kikubaaqudgha
Makhleb
Nemelex Xobeh
Okawaru
Qazlal
Ru
Sif Muna
Trog
Uskayaw
Vehumet
Wu Jian
Xom
Yredelemnul
Zin
The Shining One

Shops:
D:2 ?   D:6 (   D:11 (

Annotations:
D:2 exclusion: upstairs
D:3 exclusion: downstairs
D:4 exclusion: 2 downstairs
D:5 exclusion: downstairs
D:6 3 runed translucent doors, BorgnjorsVileCrotch's ghost, novice FeSh
D:8 1 transporter
D:10 1 runed translucent door, JaaP's ghost, novice MiMo


Innate Abilities, Weirdness & Mutations

You are too large for most types of armour.
You have a pair of small horns on your head.
You have tough skin. (AC +1)
You gain doubled healing and magic from potions.
Whenever you drink a healing potion, you attack all around you.


Message History

The troll attacks as it pursues you! The troll bites you but does no damage.
The troll claws you. The troll claws you! The troll closely misses you.
The troll barely misses you. The troll claws you but does no damage.
The ogre hits you with a +0 giant club.
The deep elf pyromancer gestures at you while chanting.
The bolt of fire hits you!!
* * * LOW HITPOINT WARNING * * *
The ogre hits you with a +0 giant club.
* * * LOW HITPOINT WARNING * * *
The deep elf pyromancer gestures wildly while chanting.
The deep elf pyromancer casts a spell.
The deep elf pyromancer blinks!
You see here a +0 chain mail.
The troll misses you. The troll barely misses you.
The troll claws you but does no damage. The ogre misses you.
The ogre closely misses you.
There is a stone staircase leading up here.
The troll bites you!
* * * LOW HITPOINT WARNING * * *
The troll claws you.
* * * LOW HITPOINT WARNING * * *
The troll closely misses you.
You climb upwards.
There is a stone staircase leading down here.
The ogre hits you with a +0 giant club!!
* * * LOW HITPOINT WARNING * * *
The troll attacks as it pursues you! The troll completely misses you.
The troll claws you!
* * * LOW HITPOINT WARNING * * *
The troll claws you but does no damage. The ogre hits you but does no damage.
The troll bites you.
* * * LOW HITPOINT WARNING * * *
The troll closely misses you. The troll barely misses you.
The ogre barely misses you.
The ogre hits you with a +0 giant spiked club!
* * * LOW HITPOINT WARNING * * *
The troll bites you but does no damage. The troll barely misses you.
The troll claws you but does no damage. The ogre hits you with a +0 giant club!
You die...
Cheibriados appreciates the motionlessness of death.

.......#.###.#...#.#
.......#..##.......#
####...##.###..#..##
#...##.###......#
#...##.......>..#
#...##.###.####.# ########
####...##.# #.####.#### #......#
.......#..# #.##......## #.###...
.......#### #.##@#'++..###.###..#
.......# #..OOT+∩+...##.##....
...##### #.##>.+++...........#
.÷.#...# #.##.##.....##.###..#
...#...######..........###.......
÷..#...........#.##...###########
...#...#####................# #
...#...# #...#............# #
...'...# #................# #


You could see a troll and 2 ogres.

Vanquished Creatures
  A hydra (D:10)
  Erica (D:10)
  2 two-headed ogres (D:10)
  A boulder beetle (D:11)
  Lodul (D:12)
  A deep elf pyromancer (D:12)
  A manticore (D:12)
  2 cyclopes (D:11)
  A gargoyle (Bailey)
  Maggie (D:6)
  2 komodo dragons (D:11)
  2 trolls
  3 shadows
  3 wyverns (D:11)
  2 basilisks (D:11)
  3 yaks (D:11)
  2 vampires
  2 vampire mosquitoes (D:11)
  Menkaure (D:6)
  A steam dragon (D:10)
  An acid dragon (D:11)
  3 water moccasins
  4 orc warriors
  2 ice beasts
  2 black bears
  9 ogres
  5 centaurs
  3 kobold brigands
  2 bullfrogs
  8 wights
  6 vampire bats (Bailey)
  4 killer bees (D:11)
  4 howler monkeys
  4 wolf zombies (Bailey)
  A jelly (D:5)
  A hound (D:6)
  7 orc priests
  A gnoll bouda (D:8)
  A sleepcap (D:6)
  4 iguanas
  11 orc wizards
  4 gnolls (D:8)
  9 adders
  A ribbon worm (D:5)
  4 dart slugs
  39 orcs
  2 endoplasms
  A giant cockroach (D:4)
  6 goblins
  5 hobgoblins
  4 jackals (D:3)
  21 kobolds
  A quokka (D:3)
  6 ball pythons
  3 bats
  4 frilled lizards
  25 orc zombies (Bailey)
  2 rats (D:3)
253 creatures vanquished.

Notes
Turn   | Place    | Note
-------+----------+-------------------------------------------
     0 | D:1      | Autsider the Oni Alchemist began the quest for the Orb.
     0 | D:1      | Reached XP level 1. HP: 16/16 MP: 3/3
   226 | D:1      | Reached skill level 1 in Fighting
   226 | D:1      | Reached XP level 2. HP: 27/27 MP: 2/5
   908 | D:2      | Found a shadowy altar of Dithmenos.
  1080 | D:2      | You fall into a shaft and drop 2 floors!
  1163 | D:4      | Reached XP level 3. HP: 29/35 MP: 0/7
  1243 | D:3      | Reached skill level 2 in Fighting
  1349 | D:3      | Found an ancient bone altar of Kikubaaqudgha.
  1483 | D:3      | Reached XP level 4. HP: 31/44 MP: 2/8
  1706 | D:3      | Found a hide-covered altar of Uskayaw.
  1972 | D:3      | Reached skill level 3 in Fighting
  1977 | D:3      | Learned a level 4 spell: Olgreb's Toxic Radiance
  2122 | D:2      | Found a faded altar of an unknown god.
  2200 | D:2      | Found Cokygiut's Magic Scroll Boutique.
  2212 | D:2      | Bought a scroll of identify for 24 gold pieces
  2212 | D:2      | Bought a scroll of identify for 24 gold pieces
  2212 | D:2      | Bought a scroll of identify for 24 gold pieces
  2327 | D:2      | Reached XP level 5. HP: 53/53 MP: 3/9
  3224 | D:4      | Reached skill level 4 in Fighting
  3225 | D:4      | Reached XP level 6. HP: 62/62 MP: 5/10
  3606 | D:4      | Reached skill level 5 in Alchemy
  4295 | D:5      | Entered Level 5 of the Dungeon
  4355 | D:5      | You fall into a shaft and drop 2 floors!
  4448 | D:7      | Found an ornate altar of the Wu Jian Council.
  4474 | D:7      | Noticed a water moccasin
  4545 | D:6      | Reached skill level 5 in Fighting
  4545 | D:6      | Reached XP level 7. HP: 47/72 MP: 4/11
  4641 | D:6      | Noticed Menkaure
  4927 | D:5      | Found a blossoming altar of Fedhas.
  5051 | D:6      | Reached skill level 6 in Fighting
  5265 | D:6      | Noticed Maggie
  5373 | D:6      | Noticed BorgnjorsVileCrotch's ghost (novice FeSh)
  5437 | D:6      | Found Vuguthri's Weapon Emporium.
  5551 | D:6      | Killed Maggie
  5552 | D:6      | Reached skill level 1 in Fire Magic
  5552 | D:6      | Reached XP level 8. HP: 20/84 MP: 1/12
  5845 | D:6      | Reached skill level 7 in Fighting
  6392 | D:6      | Found a runed translucent gate.
  6394 | D:6      | Found a runed translucent gate.
  6394 | D:6      | Noticed a wraith
  6395 | D:6      | Found a runed translucent gate.
  6484 | D:6      | Found a hazy altar of Hepliaklqana.
  6686 | D:6      | Learned a level 4 spell: Sticky Flame
  6842 | D:6      | Killed Menkaure
  7198 | D:7      | Reached XP level 9. HP: 96/96 MP: 8/13
  7392 | D:7      | Reached skill level 8 in Fighting
  7771 | D:7      | Found a broken altar of Ashenzari.
  7775 | D:7      | Saw a vision of the Shoals and the Snake Pit.
  7775 | D:7      | Noticed a merfolk
  7775 | D:7      | Noticed an anaconda
  7775 | D:7      | Noticed a guardian serpent
  7775 | D:7      | Noticed a merfolk siren
  7775 | D:7      | Noticed a merfolk avatar
  7775 | D:7      | Noticed a naga warrior
  7775 | D:7      | Noticed a merfolk impaler
  7775 | D:7      | Noticed an anaconda
  7776 | D:7      | Noticed a water nymph
  7776 | D:7      | Noticed a mana viper
  7955 | D:7      | Found a staircase to the Ecumenical Temple.
  7992 | Temple   | Entered the Ecumenical Temple
  8046 | Temple   | Became a worshipper of Cheibriados the Contemplative
  8675 | D:8      | Reached skill level 9 in Fighting
  8677 | D:8      | Reached * piety under Cheibriados
  8777 | D:8      | Found a sparkling altar of Nemelex Xobeh.
  8777 | D:8      | Noticed a deep elf pyromancer
  8779 | D:8      | Found a transporter.
  8780 | D:8      | Noticed a six-headed hydra
  8828 | D:8      | Learned a level 5 spell: Irradiate
  8923 | D:8      | Found a glowing silver altar of Zin.
  9005 | D:8      | Noticed a four-headed hydra
  9011 | D:8      | Noticed a troll
  9138 | D:9      | Found a stormy altar of Qazlal.
  9287 | D:9      | Reached skill level 1 in Conjurations
  9291 | D:9      | Found a flagged portal.
  9302 | Bailey   | Entered a bailey
  9650 | Bailey   | Reached skill level 5 in Fire Magic
  9835 | Bailey   | Reached ** piety under Cheibriados
 10089 | Bailey   | Noticed a gargoyle
 10096 | Bailey   | Killed a gargoyle
 10097 | Bailey   | Reached skill level 10 in Fighting
 10097 | Bailey   | Reached XP level 10. HP: 77/110 MP: 1/14
 10682 | D:9      | Reached skill level 1 in Armour
 10873 | D:10     | Entered Level 10 of the Dungeon
 10878 | D:10     | Noticed a six-headed hydra
 10885 | D:10     | Killed a six-headed hydra
 10967 | D:10     | Noticed Erica
 11041 | D:10     | Killed Erica
 11042 | D:10     | Reached skill level 5 in Spellcasting
 11042 | D:10     | Reached skill level 5 in Conjurations
 11118 | D:10     | Noticed a two-headed ogre
 11124 | D:10     | Killed a two-headed ogre
 11264 | D:10     | Found Naibliof's Armour Shoppe.
 11274 | D:10     | Found a staircase to the Orcish Mines.
 11327 | D:10     | Found a shadowy altar of Dithmenos.
 11373 | D:10     | Found a shimmering blue altar of Sif Muna.
 11428 | D:10     | Noticed a two-headed ogre
 11434 | D:10     | Killed a two-headed ogre
 11435 | D:10     | Reached XP level 11. HP: 106/117 MP: 4/20
 11439 | D:10     | Reached skill level 5 in Armour
 11560 | D:10     | Noticed JaaP's ghost (novice MiMo)
 11568 | D:10     | Reached *** piety under Cheibriados
 11643 | D:10     | Found a runed translucent door.
 11658 | D:10     | Learned a level 4 spell: Ignite Poison
 11747 | D:10     | Found a radiant altar of Vehumet.
 11748 | D:10     | Found a sacrificial altar of Ru.
 12287 | D:11     | Reached skill level 1 in Invocations
 12365 | D:11     | Found a staircase to the Lair.
 12543 | D:11     | Noticed a cyclops
 12550 | D:11     | Killed a cyclops
 12876 | D:11     | Noticed a boulder beetle
 12882 | D:11     | Killed a boulder beetle
 12967 | D:11     | Reached **** piety under Cheibriados
 13086 | D:11     | Noticed a cyclops
 13091 | D:11     | Killed a cyclops
 13206 | D:11     | Found a broken altar of Ashenzari.
 13273 | D:11     | Found Laipp's Antique Weapon Emporium.
 13392 | D:11     | Identified the +4 falchion "Kexuat" {holy, ^Drain +Blink
                  | Will+ Stlth+}
 13556 | D:11     | Bought an encrusted arbalest for 247 gold pieces
 13556 | D:11     | Identified the +2 arbalest of Fortitude {flame, Will+ Int-5
                  | SInv} (You bought it in a shop on level 11 of the Dungeon)
 13560 | D:12     | Noticed a manticore
 13563 | D:12     | Killed a manticore
 13619 | D:12     | Noticed a deep elf pyromancer
 13624 | D:12     | Killed a deep elf pyromancer
 13625 | D:12     | Reached skill level 11 in Fighting
 13686 | D:12     | Noticed Lodul
 13689 | D:12     | Reached XP level 12. HP: 130/130 MP: 13/22
 13689 | D:12     | Killed Lodul
 13711 | D:11     | HP: 6/130 [ogre/+0 giant spiked club[Lodul] (14)]
 13711 | D:11     | Mangled by an ogre

Illustrated notes

Levels and vault maps discovered:
D:1:      dpeg_arrival_connections, layout_basic
D:2:      wad_lake_hut, layout_basic, serial_shops, shop_fountains, basic_altar,
          hellmonk_ecumenical_altar_arch_garden
D:3:      layout_basic, nicolae_uskayaw_murder_on_the_dancefloor,
          mainiacjoe_overflow_24_doors
D:4:      cheibrodos_pilgrimage, layout_loops_cross, serial_rivers,
          chequers_serial_rivers_micro_d, chequers_serial_rivers_micro_d,
          chequers_serial_rivers_small_b, chequers_serial_rivers_small_a,
          chequers_serial_rivers_micro_c, chequers_serial_rivers_large_b,
          minmay_quadrilaterals
D:5:      layout_gridville, fedhas_altar_2
D:6:      layout_layer_cave, mainiacjoe_overflow_alcove_2, serial_shops, shop,
          gammafunk_ghost_split, kennysheep_small_spiral, uniq_maggie,
          uniq_menkaure
D:7:      layout_loops_ring, grunt_ashenzari_visionary
          [grunt_ashenzari_visionary_shoals, grunt_ashenzari_visionary_snake],
          nzn_wu_jian_council_hall, temple_green
D:8:      layout_cave_pools, grunt_nemelex_the_gamble, kennysheep_mini_moat,
          onia_ninara_dug_in_and_dangerous
D:9:      layout_basic, mainiacjoe_overflow_cross_hatched, enter_bailey_5
D:10:     layout_rooms, chequers_temple_overflow_statue_of_worship,
          mainiacjoe_overflow_alcove_1, old_standard_altar, orc_david_3,
          hellmonk_ghost_happy_afterlife, uniq_erica
D:11:     kennysheep_blocky_hall, layout_loops_cross, erik_lair_dragon,
          serial_shops, nicolae_shop_tiny_real_fake_doors,
          portal_ice_cave_entry_pillars_1, ashenzari_altar_1
D:12:     layout_cave_pools, serial_shops, nicolae_shop_crystal, uniq_lodul,
          uniq_erolcha
Temple:   compressed_dpeg_triangle_lava_temple

Skill      XL: |  1  2  3  4  5  6  7  8  9 10 11 12 |
---------------+-------------------------------------+-----
Fighting       | 1 2 3 4 5 6 7 10 11 | 11.2
Stealth        | 2 |  2.0
Spellcasting   | 3 6 7 |  7.4
Alchemy        | 3 4 5 7 8 9 |  9.7
Fire Magic     | 1 3 5 |  5.0
Conjurations   | 3 6 |  6.0
Armour         | 4 6 |  6.0
Dodging        | 3 4 |  4.0
Invocations    | 4 |  4.5

Action                     |  1- 3 |  4- 6 |  7- 9 | 10-12 || total
---------------------------+-------+-------+-------+-------++-------
  Melee: Unarmed           |    11 |       |       |       ||    11
         Headbutt          |     4 |     6 |    15 |       ||    25
         Short sword       |       |    46 |    87 |       ||   133
   Fire: Sling             |    19 |    72 |       |       ||    91
         Orcbow            |       |       |   106 |   115 ||   221
   Cast: Sting             |    36 |    38 |    51 |    12 ||   137
         Olgreb's Toxic Ra |       |     8 |    32 |    32 ||    72
         Sticky Flame      |       |       |    16 |    12 ||    28
         Irradiate         |       |       |       |    13 ||    13
         Ignite Poison     |       |       |       |    14 ||    14
  Evoke: Wand              |       |       |     1 |       ||     1
    Use: Scroll            |       |     8 |     3 |     5 ||    16
 Armour: Robe              |    22 |    75 |    26 |       ||   123
         Steam dragon scal |       |       |   206 |     4 ||   210
         Troll leather arm |       |       |       |   107 ||   107
  Dodge: Dodged            |    12 |    59 |   143 |    63 ||   277
         Repelled          |       |     1 |     5 |     9 ||    15

Table legend: (Time is in decaauts)
 A = Elapsed time spent in this place.
 B = Non-inter-level travel time spent in this place.
 C = Inter-level travel time spent in this place.
 D = Time resting spent in this place.
 E = Time spent auto-exploring this place.
 F = Levels seen in this place.
 G = Mean time per level.
                   A        B        C        D        E       F      G
               +--------+--------+--------+--------+--------+-----+--------+
         Total |  15158 |  14388 |    770 |   1628 |  10470 |  14 | 1082.7 |
       Dungeon |  13814 |  13075 |    739 |   1566 |   9614 |  12 | 1151.2 |
        Temple |     77 |     47 |     30 |      0 |      0 |   1 |   77.0 |
        Bailey |   1266 |   1266 |      0 |     62 |    856 |   1 | 1266.0 |
               +--------+--------+--------+--------+--------+-----+--------+

Top non-repeatable levels by time:
    D:11: 2279 daAuts
     D:6: 2042 daAuts
     D:4: 1478 daAuts
     D:7: 1449 daAuts
  Bailey: 1266 daAuts
     D:3: 1251 daAuts
    D:10: 1127 daAuts
     D:9: 985 daAuts
     D:8: 974 daAuts
     D:2: 948 daAuts
     D:1: 879 daAuts
     D:5: 224 daAuts
    D:12: 172 daAuts
  Temple: 77 daAuts
